[Event "Romanian Superleague 2022"]
[Site "Oradea"]
[Date "2022.09.21"]
[Round "1.1"]
[White "Dobre, Claudiu-Cristian"]
[Black "Tarlev, Konstantin"]
[Result "0-1"]
[ECO "A28"]
[WhiteElo "2268"]
[BlackElo "2576"]
[Annotator "TA"]
[PlyCount "100"]
[EventDate "2022.09.21"]
[EventType "team-tourn"]
[EventCountry "ROU"]
[SourceTitle "playchess.com"]
[Source "ChessBase"]
[SourceQuality "1"]
[TimeControl "40/5400+30:1800+30"]

1. c4 e5 2. Nc3 Nf6 3. Nf3 Nc6 4. e3 Be7 5. Qb3 O-O 6. a3 {[%emt 0:01:25] A28: English Opening: Four Knights Variation.} Re8 7. d3 {[%emt 0:04:52] [#]} Bf8 $146 ({Predecessor:} 7... d6 8. Be2 Bf8 9. O-O a6 10. Bd2 h6 11. Rfd1 Rb8 12. Rac1 Be6 13. Qc2 Qd7 {1-0 (38) Stripunsky,A (2569)-Lapshun,Y (2479) Philadelphia 2007}) 8. e4 {[%emt 0:04:56] The position is equal.} Bc5 9. Be2 d6 10. O-O Bg4 11. Be3 Bb6 12. Qd1 h6 13. h3 Bxf3 14. Bxf3 Nd4 15. g3 c6 16. Bg2 Ne6 17. Kh2 Bd4 18. Bxd4 Nxd4 19. Ne2 Qb6 20. Nxd4 Qxd4 21. Qc2 a5 22. b3 Nd7 23. h4 Nc5 24. Rad1 Ra6 {[%emt 0:07:18] Black is much more active.} 25. Rd2 a4 26. b4 Nb3 27. Rdd1 b5 28. Bh3 {[%emt 0:03:04] [#]} Qb6 (28... Ra7 $1 $17 29. cxb5 cxb5) 29. Kg2 ({White should try} 29. f4 $15) 29... Ra7 $17 (29... Nd4 30. Qa2 $15) 30. f4 c5 ({And not} 30... Nd4 31. Qa2 $15) 31. fxe5 dxe5 {[%emt 0:00:00] And now ...cxb4 would win.} 32. bxc5 (32. Qf2 $17 {was necessary.}) 32... Qxc5 $19 33. Qf2 Nd4 ({Stronger than} 33... bxc4 34. Qxc5 Nxc5 35. dxc4 $17) 34. Qb2 bxc4 {[%emt 0:00:40] [#] Strongly threatening ...c3.} 35. Rc1 Qe7 (35... Qc7 $19 36. Rxc4 Rb8) 36. Rxc4 $15 Rb7 $36 {[%emt 0:00:05][%mdl 2048] Black has strong initiative.} 37. Rb4 (37. Qc1 $17) 37... Rxb4 $19 38. Qxb4 (38. axb4 Rb8 39. Qa2) 38... Qxb4 {[%emt 0:00:28] Black is clearly winning.} 39. axb4 {[%emt 0:00:05][%cal Ob4b5][%mdl 4096] Endgame KRB-KRN} a3 ({Inferior is} 39... Rb8 40. Ra1 $17) 40. Ra1 Ra8 41. b5 Nxb5 42. Bg4 (42. Bd7 $142 Nd4 43. Ra2) 42... Nc3 43. Bd1 Nxd1 44. Rxd1 {[%emt 0:00:06] KR-KR} Rb8 45. Kf3 a2 {[%emt 0:00:04] ( -> ...Rb1)} 46. Ra1 Rb2 47. g4 Kf8 48. g5 h5 49. Ke3 Rh2 {[%emt 0:00:24] ...Ke7 is the strong threat.} 50. Kf3 Ke7 {[%emt 0:27:29] Weighted Error Value: White=0.53/Black=0.07 (flawless)} 0-1

[Event "Romanian Superleague 2022"]
[Site "Oradea"]
[Date "2022.09.21"]
[Round "1.2"]
[White "Ionescu, Constantin"]
[Black "Padurariu, Mihai-Edward"]
[Result "1/2-1/2"]
[ECO "E54"]
[WhiteElo "2415"]
[BlackElo "2263"]
[Annotator "TA"]
[PlyCount "65"]
[EventDate "2022.09.21"]
[EventType "team-tourn"]
[EventCountry "ROU"]
[SourceTitle "playchess.com"]
[Source "ChessBase"]
[SourceQuality "1"]
[TimeControl "40/5400+30:1800+30"]

1. d4 d5 2. c4 e6 3. Nc3 c5 4. e3 Nf6 5. Nf3 cxd4 6. exd4 Bb4 7. Bd3 dxc4 8. Bxc4 O-O 9. O-O Nbd7 10. Ne2 {[%emt 0:07:20] E54: Nimzo-Indian: Rubinstein: Main Line: 7...dxc4 8 Bxc4.} (10. a3 $5 Bxc3 11. bxc3 $11) 10... Nb6 11. Bb3 {[%emt 0:04:55] [#]} Nbd5 $146 ({Predecessor:} 11... Bd7 12. a3 Be7 13. Bf4 Nbd5 14. Bg3 Qb6 15. Re1 Rfd8 16. Ne5 Be8 17. Rc1 Rac8 {0-1 (36) Nilssen,E (1799)-Thuesen,M (2169) Copenhagen 2016}) 12. Ng3 Bd7 13. Bd2 Bb5 14. Re1 Qd6 15. a3 Bxd2 16. Qxd2 Qf4 17. Qa5 a6 18. Re5 Rac8 19. Qe1 Rc7 ({Better is} 19... Bc6 $17) 20. Nf1 (20. Bxd5 $11 exd5 21. Nf5) 20... Rfc8 {[%emt 0:03:30] ...Rc1 is the strong threat.} 21. Ne3 Nxe3 22. fxe3 {[%emt 0:03:01] [#]} Qh6 23. Rd1 Bc4 24. Bxc4 Rxc4 25. Rc5 Nd5 26. Rxc8+ (26. e4 {feels hotter.} Nf6 27. b3 R4xc5 28. dxc5 Qf4 29. Rd4) 26... Rxc8 27. e4 Qe3+ (27... Nf6 $5 ) 28. Qxe3 {[%emt 0:01:17] The position is equal.} Nxe3 29. Re1 Ng4 30. h3 Nf6 31. Re2 Kf8 32. Kf2 Ke7 33. Ke3 {[%emt 0:01:13] Weighted Error Value: White=0.12 (very precise) /Black=0.10 (very precise)} 1/2-1/2

[Event "Romanian Superleague 2022"]
[Site "Oradea"]
[Date "2022.09.21"]
[Round "1.3"]
[White "Voiteanu, Gabriel"]
[Black "Soltanici, Ruslan"]
[Result "0-1"]
[ECO "E04"]
[WhiteElo "2154"]
[BlackElo "2333"]
[Annotator "TA"]
[PlyCount "76"]
[EventDate "2022.09.21"]
[EventType "team-tourn"]
[EventCountry "ROU"]
[SourceTitle "playchess.com"]
[Source "ChessBase"]
[SourceQuality "1"]
[TimeControl "40/5400+30:1800+30"]

1. d4 Nf6 2. c4 e6 3. Nf3 d5 4. g3 dxc4 5. Bg2 Nc6 6. O-O Rb8 7. e3 b5 8. b3 {[%emt 0:01:17] E04: Open Catalan: 5 Nf3.} cxb3 9. axb3 Bb7 10. Qe2 {[%emt 0:00:30] White has an edge.} a6 11. Ne5 Nxe5 12. Bxb7 Rxb7 13. dxe5 {[%emt 0:00:00] [#]} Nd5 $146 ({Predecessor:} 13... Nd7 14. Rd1 Be7 15. Rxa6 O-O 16. Bb2 Qc8 17. Rc6 Nc5 18. Qc2 Rd8 19. Bd4 Nd7 {1-0 (32) Erigaisi,A (2559)-Gukesh,D (2563) Chess.com INT 2020}) 14. Rxa6 (14. e4 $5 Nb6 15. Rxa6 $16) 14... Be7 15. Rd1 Qb8 16. Qg4 O-O 17. e4 h5 $1 18. Qxh5 Nb4 19. Ra1 $132 {[%emt 0:00:00][%mdl 2048] White is not holding back} c5 20. Nc3 (20. Bf4 $11 {is superior.}) 20... Nc2 21. Rb1 g6 (21... b4 $15 22. Ne2 Na3) 22. Qh6 (22. Qg4 $11) 22... Qxe5 23. Bb2 Nd4 24. f4 {[%emt 0:00:36] [#] Black converts the advantage convincingly.} (24. b4 $15) 24... Qh5 $1 $17 25. Qxh5 gxh5 26. Ba1 {[%emt 0:02:08] [#]} Ra8 $1 {[%emt 0:00:32] Threatens to win with ...b4.} 27. Kg2 $2 (27. e5) 27... b4 $19 28. Na4 {[%emt 0:00:34] [#]} Nxb3 29. Rxb3 Rxa4 30. Rbd3 Ra8 {[%emt 0:03:46] Inhibits Rd8+.} ({Weaker is} 30... c4 31. Rd8+ Kh7 32. Rh8+ Kg6 33. Rg8+ Kh7 34. Rh8+ Kg6 35. Rg8+ Kh7 36. Rh8+ $11) 31. f5 c4 32. Rd7 (32. Rf3 $142 exf5 33. exf5) 32... Rxd7 33. Rxd7 Rxa1 34. Rxe7 exf5 {[%emt 0:01:25] And now ...c3 would win.} 35. exf5 {[%emt 0:00:06] KR-KR} b3 {[%emt 0:00:27] Black mates.} 36. Rb7 c3 37. g4 hxg4 38. f6 c2 {[%emt 0:00:17] Weighted Error Value: White=0.77/Black=0.07 (flawless)} 0-1

[Event "Romanian Superleague 2022"]
[Site "Oradea"]
[Date "2022.09.21"]
[Round "1.4"]
[White "Cosma, Ioan"]
[Black "Oprisor, Razvan-Gabriel"]
[Result "1-0"]
[ECO "E62"]
[WhiteElo "2367"]
[BlackElo "2175"]
[Annotator "TA"]
[PlyCount "83"]
[EventDate "2022.09.21"]
[EventType "team-tourn"]
[EventCountry "ROU"]
[SourceTitle "playchess.com"]
[Source "ChessBase"]
[SourceQuality "1"]
[TimeControl "40/5400+30:1800+30"]

1. Nf3 Nf6 2. c4 g6 3. g3 Bg7 4. Bg2 d6 5. O-O O-O 6. d4 c6 7. Nc3 Qa5 8. e4 Bg4 9. h3 Bxf3 10. Bxf3 Nbd7 11. a3 e5 12. d5 cxd5 13. cxd5 Rfc8 {[%emt 0:01:27] E62: King's Indian: Fianchetto: 6...c6 and Panno Variation (6...Nc6) without ...a6.} 14. Be3 a6 15. Qe2 Qd8 {[%emt 0:04:21] White is slightly better.} 16. Rfc1 Qf8 {[%emt 0:04:27] [#]} 17. h4 $146 ({Predecessor:} 17. b4 Bh6 18. Kg2 Rc7 19. Rc2 Rac8 20. Rac1 Bxe3 21. Qxe3 Qd8 22. g4 h6 23. Qxh6 {1-0 (34) Saleh,M (2245)-Shernoff,L North Bay 1996}) 17... h5 18. b4 Bh6 19. Bg2 Rc7 20. Bh3 Rac8 21. Qd2 Bxe3 22. Qxe3 Kg7 (22... Ng4 $5 23. Qe1 Qh6 $11) 23. f3 Qd8 24. Bf1 Qe7 25. a4 Nb6 {[%emt 0:06:42][%cal Oc7c3] aiming for ...Rxc3!} 26. a5 $2 {[%emt 0:00:00] [#]} (26. Bh3 $14 {stays ahead.} Nbd7 27. a5) 26... Nc4 $2 (26... Rxc3 $1 $17 27. Rxc3 Nfxd5 $1 28. exd5 Nxd5) 27. Qe1 Nd7 ({Better is} 27... Nb2 $1 $14) 28. Na4 f5 29. Rc3 f4 $2 {[%emt 0:02:12] [#] A mistake that costs the game.} (29... fxe4 $14 30. fxe4 Nf6) 30. Rac1 $1 $18 b5 {[%emt 0:00:53] [#]} 31. Nb2 g5 (31... fxg3 $142 32. Qxg3 Nf6) (31... Qd8 32. Nxc4) 32. Bxc4 ({But not} 32. Nxc4 bxc4 33. Rxc4 Rxc4 34. Rxc4 Rxc4 35. Bxc4 Nf8 36. gxf4 gxf4 $18) 32... bxc4 33. Nxc4 {[%emt 0:00:21][%cal Oc4e3] And now Ne3! would win.} (33. Rxc4 Nf8 $16) 33... gxh4 $2 {[%emt 0:02:35] [#]} (33... Nf6 34. hxg5 Nh7 35. gxf4 exf4) 34. Ne3 $1 {[%emt 0:00:47][%mdl 512] White is clearly winning.} Rxc3 (34... fxe3 35. Rxc7) 35. Nf5+ {[%emt 0:00:17][%mdl 64] Zwischenzug, Double Attack} ({Weaker is} 35. Rxc3 Rf8 36. Nf5+ Rxf5 37. exf5 hxg3 $16) 35... Kf6 36. Rxc3 Qf8 37. Rxc8 Qxc8 38. gxf4 Qg8+ 39. Kf1 exf4 40. Qxh4+ Qg5 41. Qxg5+ Kxg5 42. Nxd6 {[%emt 0:00:39] Weighted Error Value: White=0.20 (precise) /Black=0.50} 1-0

[Event "Romanian Superleague 2022"]
[Site "Oradea"]
[Date "2022.09.21"]
[Round "1.5"]
[White "Ursente, Tudor-Alexandru"]
[Black "Itkis, Boris"]
[Result "0-1"]
[ECO "A49"]
[WhiteElo "1931"]
[BlackElo "2332"]
[Annotator "TA"]
[PlyCount "106"]
[EventDate "2022.09.21"]
[EventType "team-tourn"]
[EventCountry "ROU"]
[SourceTitle "playchess.com"]
[Source "ChessBase"]
[SourceQuality "1"]
[TimeControl "40/5400+30:1800+30"]

1. d4 Nf6 2. Nf3 c5 3. c3 b6 4. g3 Bb7 5. Bg2 g6 6. O-O Bg7 7. Nbd2 O-O {[%emt 0:01:05] A49: 1 d4 Nf6 2 Nf3 g6 3 g3: Anti-King's Indian systems.} 8. b3 d5 9. Bb2 Nbd7 {[%emt 0:01:19] The position is equal.} 10. e3 Qc7 11. Rc1 e5 {[%emt 0:00:57] [#]} 12. Nxe5 $146 ({Predecessor:} 12. c4 e4 13. Ng5 h6 14. Nh3 Qd6 15. cxd5 Bxd5 16. Nf4 Bb7 17. Nc4 Qe7 18. Qc2 cxd4 19. Bxd4 {½-½ (34) Harle,B (1856)-Waterfield,J (1930) Newport 2015}) 12... Nxe5 13. dxe5 Qxe5 14. Qc2 Qe7 15. c4 (15. Rcd1 {is more complex.} Rad8 16. c4 Ng4 17. Bxg7 Kxg7 18. cxd5 Bxd5 19. Bxd5 Rxd5 20. Nc4) 15... dxc4 (15... Rad8 {feels hotter.} 16. cxd5 Nxd5 17. Bxg7 Kxg7 18. a3 Rfe8) 16. Nxc4 Bxg2 17. Kxg2 ({Don't go for} 17. Bxf6 $2 Qb7 18. Bxg7 (18. Nd6 $2 Qc6 $19) 18... Bxf1 19. Rxf1 Kxg7 $19) 17... b5 18. Bxf6 Bxf6 19. Nd2 Rac8 20. Ne4 c4 21. Nxf6+ Qxf6 22. bxc4 (22. Qc3 $15 Qa6 23. bxc4) 22... Rxc4 $17 23. Qb1 Qc6+ 24. Kg1 Rc8 25. Rxc4 Qxc4 {[%emt 0:00:18][%mdl 4096] Endgame KQR-KQR} (25... bxc4 $17 26. Qc2 c3) 26. Qb2 a6 27. Qa3 Qc6 28. Qe7 Qd5 29. Qa3 Rc6 30. Rb1 {[%emt 0:03:43] [#]} ({Better is} 30. h3 $15) 30... h5 $1 31. h4 {[%emt 0:00:10] [#]} Qd2 $1 {[%emt 0:01:22] And now ...Rc2 would win.} 32. Qe7 {[%emt 0:01:04] aiming for Qe8+.} Re6 ({Black should try} 32... Qxa2 33. Rd1 Rc8) 33. Qa3 Rf6 $36 {[%emt 0:00:47][%mdl 2048] Keeping White busy.} 34. Rf1 Kg7 35. Qb3 Rd6 36. Qb1 Rd3 37. Qa1+ Qc3 {[%emt 0:00:26] Black is more active.} 38. Qb1 {[%emt 0:00:14] White does not recover from this.} (38. Qxc3+ $17 Rxc3 39. Rd1) 38... Rd2 $19 39. Rc1 (39. Qb3 {was necessary.} Qc2 40. Qxc2 Rxc2 41. a3) 39... Qf6 40. Rf1 Rb2 41. Qa1 {[%emt 0:09:03] [#]} Rxf2 $3 42. Qxf6+ Rxf6 {[%emt 0:00:05] KR-KR} 43. Re1 Rc6 44. Re2 Rc3 45. Kf2 Kf6 46. Kf3 Rc4 {[%emt 0:01:23] Prevents g4.} 47. Rd2 Ra4 48. e4 Ke5 49. Rd5+ Ke6 50. Rd2 f6 51. Ke3 g5 52. Rh2 $2 (52. Rc2) 52... Ke5 {[%emt 0:01:11] ( -> ...Ra3+)} 53. hxg5 Ra3+ {[%emt 0:00:05] Weighted Error Value: White=0.36/Black=0.09 (flawless)} 0-1

[Event "Romanian Superleague 2022"]
[Site "Oradea"]
[Date "2022.09.21"]
[Round "1.6"]
[White "Bulau, Andrei-Cristian"]
[Black "Gulie, Cosmin"]
[Result "0-1"]
[ECO "D35"]
[WhiteElo "2183"]
[BlackElo "1973"]
[Annotator "TA"]
[PlyCount "60"]
[EventDate "2022.09.21"]
[EventType "team-tourn"]
[EventCountry "ROU"]
[SourceTitle "playchess.com"]
[Source "ChessBase"]
[SourceQuality "1"]
[TimeControl "40/5400+30:1800+30"]

1. d4 d5 2. c4 e6 3. Nc3 Nf6 4. cxd5 exd5 5. Bg5 c6 6. e3 Bf5 7. Qf3 Bg6 8. Bxf6 Qxf6 9. Qxf6 gxf6 10. h4 h5 $1 {[%emt 0:00:37] 10...h5 is better than 10...Nd7. D35: Queen's Gambit Declined: Exchange Variation.} 11. Nf3 Nd7 12. Kd2 Bd6 {[%emt 0:08:03] [#] The position is equal.} 13. Bd3 $146 ({Predecessor:} 13. Ne1 Nf8 14. Nd3 Ne6 15. Rb1 a5 16. a3 Ke7 17. b4 Rhb8 18. Be2 Nf8 19. Rb3 axb4 20. axb4 {0-1 (38) Granath,S-Hunt,H (2165) Szeged 1994}) 13... Bxd3 14. Kxd3 f5 15. g3 Nf6 16. Rhc1 Ne4 17. Ke2 Rg8 18. Rab1 Kd7 19. Ne1 Rae8 20. Nd3 {[%emt 0:00:39] [#]} (20. b4 $11) 20... a5 (20... Nxg3+ $1 $15 21. fxg3 Rxg3 22. Ne5+ Bxe5 23. dxe5 Rxe5) 21. Rc2 {[%emt 0:06:18] [#]} ({Better is} 21. Rg1 $11) 21... Nxg3+ $1 $15 22. fxg3 Rxg3 23. Nd1 {[%emt 0:15:33] [#]} ({White should try} 23. Ne5+ $15 Bxe5 24. dxe5) 23... f4 $1 $17 {[%emt 0:01:37][%cal Rf4e3] Black is more active.} 24. Nc5+ $2 {[%emt 0:03:24] Now White is beyond hope.} (24. Rcc1 $17) 24... Bxc5 $19 25. Rxc5 fxe3 26. Rcc1 Rh3 {[%emt 0:02:35] aiming for ...f5.} ({But not} 26... Rg2+ $2 27. Kf3 Rh2 28. Kg3 $19) 27. Nc3 $2 {[%emt 0:11:22] [#]} (27. b4 Rh2+ 28. Ke1) 27... Rh2+ $1 28. Kf3 Rf2+ 29. Kg3 Rg8+ 30. Kh3 Rfg2 {[%emt 0:00:06] Weighted Error Value: White=0.63/Black=0.12 (very precise)} 0-1

[Event "Romanian Superleague 2022"]
[Site "Oradea"]
[Date "2022.09.21"]
[Round "1.7"]
[White "Berkes, Ferenc"]
[Black "Marin, Mihail"]
[Result "1-0"]
[ECO "A40"]
[WhiteElo "2651"]
[BlackElo "2457"]
[Annotator "TA"]
[PlyCount "97"]
[EventDate "2022.09.21"]
[EventType "team-tourn"]
[EventCountry "ROU"]
[SourceTitle "playchess.com"]
[Source "ChessBase"]
[SourceQuality "1"]
[TimeControl "40/5400+30:1800+30"]

1. d4 g6 2. g3 Bg7 3. Bg2 d6 4. a4 {[%emt 0:04:23] [#]} a5 $146 ({Predecessor:} 4... Nc6 5. Nf3 e5 6. d5 Nce7 7. O-O Nf6 8. c4 a5 9. Nc3 O-O 10. Ne1 Nd7 11. Nd3 f5 {1-0 (69) Gorbatov,A (2350)-Hantak,A (2161) Cesky Krumlov 2009}) 5. Nf3 f5 6. b3 {[%emt 0:09:24] A40: Unusual replies to 1 d4.} Nf6 7. Bb2 O-O 8. O-O {[%emt 0:00:11] The position is equal.} Qe8 9. Na3 Kh8 10. Re1 Na6 11. Nc4 Nb4 12. e3 e6 13. Re2 Bd7 14. Ne1 Bc6 15. f3 {[%emt 0:00:15] Threatening c3.} b6 (15... b5 $1 $11 {is more appropriate.} 16. axb5 Bxb5) 16. c3 $14 Na6 17. Nd3 {[%emt 0:01:55] Against e5} Bd5 18. Ba3 Rf7 19. Qc2 Rd8 20. e4 (20. Nd2 $14) 20... fxe4 $11 21. fxe4 Bxc4 22. bxc4 {[%emt 0:00:05] Strongly threatening e5.} e5 23. Rf1 (23. Qb3 {feels hotter.} Ng4 24. Qb5 Nb8 25. Qxe8+ Rxe8 26. h3) 23... Nd7 {[%emt 0:03:34] ...Rxf1+ is the strong threat.} 24. Bb2 Rxf1+ 25. Bxf1 Nab8 26. Bh3 Nf8 27. c5 bxc5 28. dxc5 Ne6 29. cxd6 cxd6 30. Qb3 Ng5 31. Bg2 $36 {[%emt 0:00:09][%mdl 2048] White fights for an advantage.} Nc6 (31... Nd7 $14) 32. Bc1 $16 Ne6 (32... Nf7 $142) 33. Be3 Rb8 34. Qa2 {[%emt 0:00:36] White is much more active.} (34. Qd5 $16) 34... Bf6 (34... Ncd8 $14) 35. Rb2 (35. Rf2 {seems wilder.} Kg7 36. Qd5 Bg5 37. Bxg5 Nxg5 38. h4) 35... Bg5 {[%emt 0:01:11] And now ...Rxb2 would win.} 36. Bf2 Rxb2 37. Qxb2 (37. Nxb2 $142 {aiming for Qd5.} Bd2 38. Nd1) 37... Qb8 38. Qa2 Ned8 39. h4 Be7 40. Bh3 Qb7 41. Qc4 Kg7 42. Qb5 h5 {[%emt 0:05:49] [#] Loses the game.} (42... Bf6 $16 43. Nb2 Ne7) 43. Nb2 $1 $18 Nb8 {[%emt 0:04:43] [#]} 44. Nc4 $1 Qxe4 $2 (44... Qc6 45. Nb6 (45. Nxa5 Qxc3 46. Bf1 Qc8 $18) 45... Qxc3) 45. Nxa5 Qc2 46. Qxb8 Qxc3 (46... Qxa4 $142 47. Qc7 Kf8) 47. Qb5 {[%emt 0:03:45] White is clearly winning.} e4 48. Nc4 {[%emt 0:00:13] Inhibits e3.} Nf7 49. Qb2 {[%emt 0:01:05] Weighted Error Value: White=0.13 (very precise) /Black=0.33} 1-0

[Event "Romanian Superleague 2022"]
[Site "Oradea"]
[Date "2022.09.21"]
[Round "1.8"]
[White "Miron, Lucian-Costin"]
[Black "Lupulescu, Constantin"]
[Result "1/2-1/2"]
[ECO "C07"]
[WhiteElo "2498"]
[BlackElo "2614"]
[Annotator "TA"]
[PlyCount "61"]
[EventDate "2022.09.21"]
[EventType "team-tourn"]
[EventCountry "ROU"]
[SourceTitle "playchess.com"]
[Source "ChessBase"]
[SourceQuality "1"]
[TimeControl "40/5400+30:1800+30"]

1. e4 e6 2. d4 d5 3. Nd2 c5 4. Ngf3 cxd4 5. Nxd4 Nc6 6. Bb5 Bd7 7. Nxc6 bxc6 8. Bd3 Qc7 9. Qe2 {[%emt 0:00:27] C07: French Tarrasch: 3...c5, 4 Ngf3 and 4 exd5 Qxd5.} Ne7 10. b3 {[%emt 0:00:09] 10.0-0 is becoming the main line.} Ng6 11. g3 {[%emt 0:00:09] The position is equal.} Ne5 12. Bb2 Bd6 {[%emt 0:01:43] [#]} 13. Ba6 $146 ({Predecessor:} 13. O-O O-O 14. c4 dxc4 15. Nxc4 Nxc4 16. Bxc4 c5 17. f4 Rfd8 18. Qg4 Bf8 19. f5 {1-0 (30) Azarov,S (2604)-Kostenko,P (2418) Cheliabinsk 2021}) 13... f6 14. f4 Nf7 15. O-O-O O-O 16. Bd3 e5 17. f5 Qa5 18. Kb1 Ba3 19. g4 Qc5 (19... Bxb2 $11 20. Kxb2 Qc5) 20. h4 ({White should try} 20. Bxa3 $14 Qxa3 21. Qg2) 20... a5 $11 21. Ba1 (21. c3 $11 {keeps the balance.}) 21... a4 22. g5 Bb4 ({Don't do} 22... fxg5 23. hxg5 Nxg5 24. exd5 Rxf5 25. Ne4 (25. Bxe5 Re8 $11) 25... Nxe4 26. Bxe4 axb3 27. cxb3 $18 (27. axb3 Bc1 $11)) (22... Qa7 $17 {White must now prevent ...Be7.} 23. Qg2 Kh8 24. exd5 axb3 25. cxb3 Rfb8 26. gxf6 gxf6) 23. Rhg1 {[%emt 0:05:09] And now gxf6 would win.} Kh8 {[%emt 0:03:32] ...Qa7 is the strong threat.} 24. Qg2 {[%emt 0:04:19] [#]} (24. Nf3 $15) 24... Rg8 $1 $17 {[%emt 0:00:58] Hoping for ...axb3.} 25. c3 Bxc3 26. Rc1 d4 {[%emt 0:00:21][%cal Bd5d4,Bd4c3][%mdl 32] Strongly threatening ...Qb4.} 27. Bc4 {[%emt 0:00:25] [#]} axb3 $1 28. Bxb3 $15 ({Don't blunder} 28. Bxc3 $2 dxc3 29. Bxb3 Qd4 $19) 28... Qb4 29. Bxc3 dxc3 30. Nc4 c5 (30... fxg5 $5 31. Qh3 gxh4 32. Qxc3 Qxc3 33. Rxc3 Rab8 $17) 31. Qc2 {[%emt 0:01:25] Weighted Error Value: White=0.17 (very precise) /Black=0.15 (very precise)} 1/2-1/2

[Event "Romanian Superleague 2022"]
[Site "Oradea"]
[Date "2022.09.21"]
[Round "1.9"]
[White "Jianu, Vlad-Cristian"]
[Black "Secheres, Adrian-Simion"]
[Result "1/2-1/2"]
[ECO "A48"]
[WhiteElo "2511"]
[BlackElo "2375"]
[Annotator "TA"]
[PlyCount "66"]
[EventDate "2022.09.21"]
[EventType "team-tourn"]
[EventCountry "ROU"]
[SourceTitle "playchess.com"]
[Source "ChessBase"]
[SourceQuality "1"]
[TimeControl "40/5400+30:1800+30"]

1. d4 Nf6 2. Nf3 g6 3. Nbd2 c5 4. dxc5 Qa5 5. a3 Qxc5 6. b4 Qc7 7. Bb2 Bg7 8. e3 O-O 9. Be2 d6 10. c4 b6 11. O-O Bb7 12. Qb3 Nbd7 {[%emt 0:01:48] A48: 1 d4 Nf6 2 Nf3 g6: Torre, London and Colle Systems.} 13. Rfc1 Rac8 14. Bc3 (14. Rd1 {seems wilder.} Rfd8 15. Ng5 a6 16. Rac1) 14... Qb8 15. Qb2 {[%emt 0:13:32] [#]} e5 $146 ({Predecessor:} 15... Rc7 16. a4 e5 17. a5 Rfc8 18. axb6 axb6 19. Qa3 Re8 20. Bb2 Bf8 21. h3 Qd8 {½-½ (39) Mateuta,G (2504)-Miroshnichenko,E (2642) Plovdiv 2008}) 16. h3 Rfe8 17. a4 Bc6 18. Qb3 h6 19. Ra2 Rc7 20. Rac2 Rec8 21. a5 bxa5 22. b5 Nc5 23. Qa3 Ba8 24. Bxa5 Re7 25. Nb3 Nfe4 26. Nfd2 Bf8 27. Nxe4 Nxe4 28. Bg4 f5 29. Bf3 Rf7 30. Bb4 Qb6 31. Ba5 Qb8 32. Bb4 Qb6 $1 33. Ba5 Qb8 $1 {[%emt 0:00:08] Weighted Error Value: White=0.21 (precise) /Black=0.09 (flawless)} 1/2-1/2

[Event "Romanian Superleague 2022"]
[Site "Oradea"]
[Date "2022.09.21"]
[Round "1.10"]
[White "Filip, Andrei"]
[Black "Parligras, Mircea-Emilian"]
[Result "1/2-1/2"]
[ECO "B99"]
[WhiteElo "2356"]
[BlackElo "2560"]
[Annotator "TA"]
[PlyCount "58"]
[EventDate "2022.09.21"]
[EventType "team-tourn"]
[EventCountry "ROU"]
[SourceTitle "playchess.com"]
[Source "ChessBase"]
[SourceQuality "1"]
[TimeControl "40/5400+30:1800+30"]

1. e4 c5 2. Nf3 d6 3. d4 cxd4 4. Nxd4 Nf6 5. Nc3 a6 6. Bg5 e6 7. f4 Be7 8. Qf3 Qc7 9. O-O-O Nbd7 10. g4 h6 11. Bxf6 Bxf6 12. h4 {[%emt 0:00:30] White is more active.} Bxd4 {[%emt 0:00:30] 12...Nb6 gains popularity. B99: Sicilian Najdorf: 6 Bg5 e6 7 f4 Be7 8 Qf3 Qc7 9 0-0-0 Nbd7.} 13. Rxd4 {[%emt 0:00:30] [#]} Qc5 $146 ({Predecessor:} 13... b5 14. Be2 Bb7 15. Rhd1 Rc8 16. a3 Nb6 17. f5 Na4 18. Rxd6 O-O 19. Rd7 Qc6 20. R7d3 {½-½ (38) Sevian,S (2578)-Gabuzyan,H (2589) Martuni 2015}) 14. Qd3 e5 {[%emt 0:00:30] [#] White is better.} 15. Rd5 ({Resist} 15. Rxd6 exf4 16. Qd2 Qe3 $16) 15... Qc7 16. f5 $2 (16. Rxd6 $18 {Threatens to win with Be2.} Rb8 17. f5) 16... b5 $1 $11 17. Rxd6 b4 18. Na4 Ke7 $1 19. Rd5 Bb7 {[%emt 0:00:30] [#]} 20. Rxd7+ Qxd7 21. Qxd7+ Kxd7 22. Nb6+ Kd6 23. Nxa8 {[%emt 0:00:30] Strongly threatening Nb6.} Bxe4 24. Rh2 {[%emt 0:00:30] Hoping for Nb6.} Rxa8 25. Rd2+ Kc7 26. Re2 $1 Bf3 27. Rxe5 Kd6 {[%emt 0:00:30] [#] Prevents Re7.} 28. Ra5 Bxg4 29. Bc4 Ra7 {[%emt 0:00:30] Weighted Error Value: White=0.23 (precise) /Black=0.12 (very precise)} 1/2-1/2

[Event "Romanian Superleague 2022"]
[Site "Oradea"]
[Date "2022.09.21"]
[Round "1.11"]
[White "Gavrilescu, David"]
[Black "Nastore, Pavel-Alexandru"]
[Result "1/2-1/2"]
[ECO "C28"]
[WhiteElo "2523"]
[BlackElo "2279"]
[Annotator "TA"]
[PlyCount "37"]
[EventDate "2022.09.21"]
[EventType "team-tourn"]
[EventCountry "ROU"]
[SourceTitle "playchess.com"]
[Source "ChessBase"]
[SourceQuality "1"]
[TimeControl "40/5400+30:1800+30"]

1. e4 e5 2. Nc3 Nc6 3. Bc4 Nf6 4. d3 Na5 5. Qf3 Nxc4 6. dxc4 {[%emt 0:00:40] C28: Vienna Game: 2...Nf6 3 Bc4 Nc6.} d6 7. Nge2 Be6 $1 {[%emt 0:02:46] The main line 7...Be6 scores better than 7...Be7.} 8. b3 c6 9. O-O Qc7 10. h3 {[%emt 0:06:02] [#]} O-O-O $146 ({Predecessor:} 10... Be7 11. Rd1 h6 12. Ng3 g6 13. a4 a5 14. Ba3 Rd8 15. Qe3 h5 16. Rd3 h4 {0-1 (52) Fillon,D (2138)-Flear,G (2530) St Chely d'Aubrac 2002}) 11. Ng3 Kb8 12. Be3 Rg8 13. Rfd1 Be7 14. Nf5 g5 15. c5 dxc5 (15... d5 $1 $15 16. exd5 Nxd5) 16. Rxd8+ $11 {[%emt 0:06:56] The position is equal.} Qxd8 17. Rd1 Qc7 18. Nxe7 Qxe7 19. Bxc5 $1 {[%emt 0:03:25] Weighted Error Value: White=0.10 (very precise) /Black=0.08 (flawless)} 1/2-1/2